 Dungeon Sprint DCSS version 0.29-a0-512-gf59ac788ac (webtiles) character file.

Game seed: 13008757800730652123

567 mhtbhm the Grappler (level 7, -23/62 HPs)
             Began as a Troll Transmuter on May 29, 2022.
             Was an Initiate of Gozag.
             Annihilated by a white ugly thing (31 damage)
             ... in the Dungeon (Sprint IX: "|||||||||||||||||||||||||||||").
             The game lasted 00:00:59 (363 turns).

mhtbhm the Grappler (Troll Transmuter)               Turns: 363, Time: 00:00:59

Health: -23/62     AC:  4    Str: 22    XL:     7   Next: 11%
Magic:  10/12      EV: 11    Int: 11    God:    Gozag
Gold:   540        SH:  0    Dex: 13    Spells: 4/14 levels left

rFire   . . .      SeeInvis .     - Unarmed
rCold   . . .      Faith    .   (no shield)
rNeg    . . .      Spirit   .   a - +0 robe
rPois   .          Reflect  .   (helmet currently unavailable)
rElec   .          Harm     .   (no cloak)
rCorr   .          Rampage  .   (gloves unavailable)
Will    .....      NoTele   +   (boots unavailable)
Stlth   +.........              (no amulet)
HPRegen 1.00/turn               l - +3 ring of dexterity
MPRegen 0.13/turn               m - +3 ring of strength

@: appendages (expiring), wereblooded
A: horns 2, talons 2, large, unfitting armour, claws 3, regeneration 1, shaggy
fur 1, tough skin 1
a: End Transformation, Renounce Religion, Potion Petition, Call Merchant, Bribe
Branch


You were in the Dungeon.
You worshipped Gozag.
Gozag was pleased with you.
You had temporarily grown beastly horns and talons.
You visited 1 branch You collected 540 gold pieces.

Inventory:

Missiles
 n - a curare-tipped dart (quivered)
 o - 7 poisoned darts
Armour
 a - a +0 robe (worn)
Jewellery
 l - a +3 ring of dexterity (left claw)
 m - a +3 ring of strength (right claw)
Wands
 k - a wand of acid (10)
Scrolls
 h - 2 scrolls of blinking
 j - 2 scrolls of amnesia
Potions
 b - a potion of lignification
 c - a potion of invisibility
 d - 3 potions of heal wounds
 e - a potion of haste
 f - 4 potions of magic
 g - a potion of berserk rage
 i - 4 potions of curing


   Skills:
 + Level 1.1 Fighting
 + Level 4.8 Dodging
 + Level 11.8 Unarmed Combat
 + Level 4.1 Spellcasting
 + Level 4.7 Transmutations


You had 4 spell levels left.
You knew the following spells:

 Your Spells              Type           Power      Damage    Failure   Level
a - Beastly Appendage     Tmut           24%        N/A       3%          1
b - Wereblood             Tmut           12%        N/A       5%          2
c - Spider Form           Tmut/Pois      7%         N/A       26%         3
d - Ice Form              Ice/Tmut       7%         N/A       65%         4

Your spell library contained the following spells:

 Spells                   Type           Power      Damage    Failure   Level


Dungeon Overview and Level Annotations

Branches:
Dungeon (1/1)

Altars:
Cheibriados
Dithmenos
Elyvilon
Fedhas
Gozag
Hepliaklqana
Kikubaaqudgha
Makhleb
Nemelex Xobeh
Okawaru
Qazlal
Ru
Sif Muna
Trog
Uskayaw
Vehumet
Wu Jian
Xom
Yredelemnul
Zin
The Shining One
Beogh
Jiyva
Lugonu


Innate Abilities, Weirdness & Mutations

You have temporarily grown beastly horns and talons.
You are too large for most types of armour.
You have claws for hands.
Your natural rate of healing is unusually fast.
You are covered in fur. (AC +1)
You have tough skin. (AC +1)


Message History

This spell is quite dangerous to cast!
Memorise Ice Form, consuming 4 spell levels and leaving 4?
You start memorising the spell.
You continue memorising. x4
You finish memorising.
Spell assigned to 'd'.
Unknown command.
You open the door.
A white ugly thing, a gargoyle, a rime drake, a deep elf pyromancer and a centaur warrior come into view.
The white ugly thing gurgles horribly!
The rime drake hisses angrily.
The centaur warrior shouts!
The rime drake changes into a yak!
The deep elf pyromancer shouts!
You claw the gargoyle! You claw the gargoyle.
You headbutt the gargoyle, but do no damage.
The gargoyle is heavily damaged.
The yak changes into a blink frog!
Unknown command.
You mangle the white ugly thing!!
You claw the white ugly thing, but do no damage.
You headbutt the white ugly thing, but do no damage.
The white ugly thing is moderately wounded.
You scratch the white ugly thing.
The white ugly thing is moderately wounded.
The blink frog changes into a human!
The white ugly thing pecks you! The white ugly thing freezes you!
Unknown command.
You closely miss the white ugly thing. You claw the white ugly thing.
The white ugly thing is heavily wounded.
Your transformation is almost over.
The white ugly thing pecks you. The white ugly thing freezes you!!
* * * LOW HITPOINT WARNING * * *
The deep elf pyromancer gestures wildly while chanting.
The deep elf pyromancer blinks!
You mangle the white ugly thing!! You claw the white ugly thing.
The white ugly thing is almost dead.
The white ugly thing pecks you!
* * * LOW HITPOINT WARNING * * *
The white ugly thing freezes you!!
Ouch! That really hurt!
You die...
Your body crumbles into a pile of gold. $$$$$ $ $ $ $$$$$ $$ $ ▓▓▓▓▓▓▓▓▓▓▓▓▓▓▓▓▓▓▓▓▓▓▓▓ '..).[[[..')....@u9{pec. ▓▓▓▓▓▓▓▓▓▓▓▓▓▓▓▓▓▓▓▓▓▓▓▓

You could see a white ugly thing, a centaur warrior, a deep elf pyromancer, a human shaped shifter and a gargoyle.

Vanquished Creatures
  A yak (D)
  A centaur (D)
  2 kobold brigands (D)
  A scorpion (D)
  3 howler monkeys (D)
  A gnoll (D)
  A white imp (D)
  A worm (D)
  An endoplasm (D)
  A goblin (D)
  A jackal (D)
  A ball python (D)
  A rat (D)
16 creatures vanquished.

Notes
Turn   | Place    | Note
-------+----------+-------------------------------------------
     0 | D        | mhtbhm the Troll Transmuter began the quest for the Orb.
     0 | D        | Reached XP level 1. HP: 18/18 MP: 1/1
    83 | D        | Noticed a scorpion
    83 | D        | Noticed a howler monkey
    86 | D        | Reached skill level 4 in Unarmed Combat
    86 | D        | Reached XP level 2. HP: 26/26 MP: 0/3
    94 | D        | Killed a scorpion
    95 | D        | Reached skill level 6 in Unarmed Combat
    95 | D        | Reached XP level 3. HP: 14/32 MP: 0/5
    95 | D        | Reached XP level 4. HP: 17/40 MP: 0/6
    99 | D        | Reached skill level 7 in Unarmed Combat
   220 | D        | Found a snail-covered altar of Cheibriados.
   220 | D        | Found a shadowy altar of Dithmenos.
   220 | D        | Found a white marble altar of Elyvilon.
   220 | D        | Found a blossoming altar of Fedhas.
   220 | D        | Found an opulent altar of Gozag.
   221 | D        | Found a hazy altar of Hepliaklqana.
   222 | D        | Found a viscous altar of Jiyva.
   223 | D        | Found an ancient bone altar of Kikubaaqudgha.
   224 | D        | Found a corrupted altar of Lugonu.
   225 | D        | Found a burning altar of Makhleb.
   226 | D        | Found a sparkling altar of Nemelex Xobeh.
   227 | D        | Found an iron altar of Okawaru.
   228 | D        | Found a stormy altar of Qazlal.
   230 | D        | Became a worshipper of Gozag Ym Sagoz the Greedy
   232 | D        | Found a sacrificial altar of Ru.
   233 | D        | Found a shimmering blue altar of Sif Muna.
   234 | D        | Found a bloodstained altar of Trog.
   235 | D        | Found a hide-covered altar of Uskayaw.
   236 | D        | Found a radiant altar of Vehumet.
   237 | D        | Found an ornate altar of the Wu Jian Council.
   238 | D        | Found a shimmering altar of Xom.
   239 | D        | Found a basalt altar of Yredelemnul.
   240 | D        | Found a glowing silver altar of Zin.
   241 | D        | Found a glowing golden altar of the Shining One.
   270 | D        | Learned a level 2 spell: Wereblood
   274 | D        | Learned a level 3 spell: Spider Form
   276 | D        | Noticed a centaur
   276 | D        | Noticed a kobold brigand
   276 | D        | Noticed a kobold brigand
   276 | D        | Noticed a yak
   280 | D        | Killed a centaur
   281 | D        | Reached skill level 9 in Unarmed Combat
   281 | D        | Reached XP level 5. HP: 42/46 MP: 4/8
   284 | D        | Reached XP level 6. HP: 46/54 MP: 4/10
   286 | D        | Reached skill level 10 in Unarmed Combat
   287 | D        | Reached skill level 1 in Fighting
   291 | D        | Killed a yak
   292 | D        | Reached skill level 11 in Unarmed Combat
   292 | D        | Reached XP level 7. HP: 54/62 MP: 5/12
   358 | D        | Learned a level 4 spell: Ice Form
   358 | D        | Noticed a white ugly thing
   358 | D        | Noticed a gargoyle
   358 | D        | Noticed a rime drake
   358 | D        | Noticed a deep elf pyromancer
   358 | D        | Noticed a centaur warrior
   358 | D        | Noticed a yak
   358 | D        | a rime drake changed into a yak
   359 | D        | Noticed a blink frog
   359 | D        | a yak changed into a blink frog
   361 | D        | Noticed a human
   361 | D        | a blink frog changed into a human
   363 | D        | Annihilated by a white ugly thing

Illustrated notes

Levels and vault maps discovered:
D:        linesprint [early_d, line_temple, items_1, d_10, items_2, lair_1,
          lair_end, items_3, orc_1, orc_end, items_4, d_15, swamp_1, shoals_1,
          snake_1, spider_1, d_20, vaults_1, items_5, swamp_end, shoals_end,
          snake_end, spider_end, vaults_end, d_27, items_6, zot_1, zot_end,
          crypt_end, forest_end, elf_end, slime_end, tomb_end, abyss_end,
          pan_hell_end]

Skill      XL: |  1  2  3  4  5  6 |
---------------+-------------------+-----
Transmutations | 2 3 4 |  4.7
Unarmed Combat | 4 6 9 11 | 11.8
Dodging        | 2 3 4 |  4.8
Spellcasting   | 2 3 4 |  4.1
Fighting       | 1 |  1.1

Action                   |  1- 3 |  4- 6 |  7- 9 || total
-------------------------+-------+-------+-------++-------
Melee: Unarmed           |    22 |    21 |     6 ||    49
       Kick              |     2 |     2 |     4 ||     8
       Headbutt          |     1 |     4 |     2 ||     7
 Cast: Beastly Appendage |     1 |     1 |     1 ||     3
       Wereblood         |       |     1 |     1 ||     2
  Use: Potion            |       |     1 |       ||     1
Armor: Robe              |     3 |     3 |       ||     6
Dodge: Dodged            |    10 |     8 |       ||    18

Table legend: (Time is in decaauts)
 A = Elapsed time spent in this place.
 B = Non-inter-level travel time spent in this place.
 C = Inter-level travel time spent in this place.
 D = Time resting spent in this place.
 E = Time spent auto-exploring this place.
 F = Levels seen in this place.
 G = Mean time per level.
                   A        B        C        D        E       F      G
               +--------+--------+--------+--------+--------+-----+--------+
         Total |    356 |    356 |      0 |    213 |      3 |   1 |  356.0 |
       Dungeon |    356 |    356 |      0 |    213 |      3 |   1 |  356.0 |
               +--------+--------+--------+--------+--------+-----+--------+

Top non-repeatable levels by time:
       D: 356 daAuts
